 Dungeon Crawl Stone Soup version 0.26-a0-540-g8a0c9464d7 (webtiles) character file.

Game seed: 6392539364821127471

47 BeastOfSaturn the Grasshopper (level 3, -3/28 HPs)
             Began as a Demonspawn Warper on Aug 15, 2020.
             Was an Initiate of Qazlal.
             Slain by an ogre
             ... wielding a +0 giant spiked club
              (11 damage)
             ... on level 2 of the Dungeon.
             The game lasted 00:07:22 (2570 turns).

BeastOfSaturn the Grasshopper (Demonspawn Warper)   Turns: 2570, Time: 00:07:23

Health: -3/28      AC: 12    Str: 12    XL:     3   Next: 48%
Magic:  6/6        EV: 12    Int: 14    God:    Qazlal [......]
Gold:   134        SH:  0    Dex: 12    Spells: 1/6 levels left

rFire    . . .     SeeInvis .   a - +0 falchion
rCold    . . .     Faith    .   (no shield)
rNeg     . . .     Spirit   .   b - +0 leather armour
rPois    .         Reflect  .   (no helmet)
rElec    .         Harm     .   h - +0 cloak
rCorr    .                      r - +2 pair of gloves
MR       .....                  (no boots)
Stlth    +.........             c - amulet of regeneration
HPRegen  0.49/turn              l - +4 ring of protection
MPRegen  0.10/turn              (no ring)

@: no status effects
A: rugged brown scales 1
a: Renounce Religion


You were on level 2 of the Dungeon.
You worshipped Qazlal.
Qazlal was noncommittal.
You visited 1 branch of the dungeon, and saw 2 of its levels.

You collected 134 gold pieces.

Inventory:

Hand Weapons
 a - a +0 falchion (weapon)
Missiles
 e - 4 boomerangs of dispersal (quivered)
Armour
 b - a +0 leather armour (worn)
 h - a +0 cloak (worn)
 p - a +0 tower shield
 r - a +2 pair of gloves (worn)
Jewellery
 c - an amulet of regeneration (around neck)
 l - a +4 ring of protection (left hand)
Scrolls
 d - 2 scrolls of blinking
 f - a scroll of amnesia {unknown}
 i - a scroll of fog
 k - a scroll of random uselessness
 m - 2 scrolls of identify
 n - a scroll of magic mapping {unknown}
Potions
 g - a potion of curing {unknown}
 o - a potion of lignification {unknown}
 q - a potion of might {unknown}


   Skills:
 * Level 2.5 Fighting
 * Level 2.8 Long Blades
 - Level 0.8 Throwing
 - Level 1.0 Armour
 - Level 2.0 Dodging
 - Level 2.0 Spellcasting
 * Level 2.9 Translocations


You had one spell level left.
You knew the following spells:

 Your Spells              Type           Power        Failure   Level
a - Blink                 Tloc           N/A          14%         2
b - Gell's Gravitas       Tloc           #.........   26%         3

Your spell library contained the following spells:

 Spells                   Type           Power        Failure   Level
 Lesser Beckoning         Tloc           #.........   26%         3
 Teleport Other           Tloc           #.......     26%         3
 Passage of Golubria      Tloc           N/A          65%         4


Dungeon Overview and Level Annotations

Branches:
Dungeon (2/15)

Altars:
Qazlal
Xom

Annotations:
D:2 Sigmund


Innate Abilities, Weirdness & Mutations

You are partially covered in rugged brown scales. (AC +1, +3% HP)


Message History

You hit the kobold.
You kill the kobold!
Qazlal accepts your kill.
You hit the ogre.
The ogre is almost dead.
The ogre hits you with a +0 giant spiked club!
You barely miss the ogre.
The ogre is almost dead.
The ogre hits you with a +0 giant spiked club!
Ouch! That really hurt!
* * * LOW HITPOINT WARNING * * *
You see here a stone.
You hit the ogre.
The ogre is almost dead.
The ogre hits you with a +0 giant spiked club.
* * * LOW HITPOINT WARNING * * *
You closely miss the ogre.
The ogre is almost dead.
The ogre hits you with a +0 giant spiked club!
You die...

#.# #.# #(.)...(# #.#
#.# #(#####># ###.##
#.# #.#
.....###.#####.####
#...[.#.........#
###.##.....###.##.#
..#....†..## #.# .#
#.######.## #.##.##.#
#.# #.# #.O@....# #.#
#.# ####.#### #.#
##'## ....# #.#
##...## ###.# #.#
##.....## ###.#
..###.......## ##.#.#
####.........####....#
...+......†..'.......#
.#.#.#.......####....#


You could see an ogre.

Vanquished Creatures
  An ooze (D:1)
  2 worms (D:2)
  A dart slug (D:1)
  A leopard gecko (D:1)
  2 ball pythons (D:1)
  2 bats
  2 giant cockroaches
  5 goblins
  4 hobgoblins (D:1)
  4 jackals (D:1)
  2 frilled lizards (D:2)
  3 kobolds
  A rat (D:2)
30 creatures vanquished.

Notes
Turn   | Place    | Note
-------+----------+-------------------------------------------
     0 | D:1      | BeastOfSaturn the Demonspawn Warper began the quest for the
                  | Orb.
     0 | D:1      | Reached XP level 1. HP: 16/16 MP: 3/3
    38 | D:1      | Reached skill level 1 in Armour
   416 | D:1      | Gained mutation: You are partially covered in rugged brown
                  | scales. (AC +1, +3% HP) [demonic ancestry]
   416 | D:1      | Reached XP level 2. HP: 14/22 MP: 5/5
   420 | D:1      | Learned a level 2 spell: Blink
  1159 | D:1      | Reached XP level 3. HP: 28/28 MP: 6/6
  1585 | D:2      | Noticed an ogre
  1679 | D:2      | Noticed Sigmund
  1701 | D:2      | Found a stormy altar of Qazlal.
  1708 | D:2      | Became a worshipper of Qazlal Stormbringer
  2158 | D:2      | Learned a level 3 spell: Gell's Gravitas
  2204 | D:2      | Found a shimmering altar of Xom.
  2570 | D:2      | Slain by an ogre

Illustrated notes

Levels and vault maps discovered:
D:1:      heliophobic_arrival_glass_houses, layout_basic
D:2:      layout_loops_corners, lemuel_round_altar, tgw_xom, minivault_23,
          chequers_serial_rivers_marsh, uniq_sigmund

Skill      XL: |  1 |
---------------+----+-----
Long Blades    | 2 |  2.8
Armour         | 1 |  1.0
Dodging        | 2 |  2.0
Fighting       | |  2.5
Throwing       | |  0.8
Spellcasting   | |  2.0
Translocations | |  2.9

Action                   || total
-------------------------++-------
Melee: Falchion          ||   115
Throw: Javelin           ||     4
       Boomerang         ||     1
  Use: Scroll            ||     6
Armor: Leather armour    ||    29
Dodge: Dodged            ||    86
       Rpst.: Falchion   ||    21

Table legend: (Time is in decaauts)
 A = Elapsed time spent in this place.
 B = Non-inter-level travel time spent in this place.
 C = Inter-level travel time spent in this place.
 D = Time resting spent in this place.
 E = Time spent auto-exploring this place.
 F = Levels seen in this place.
 G = Mean time per level.
                   A        B        C        D        E       F      G
               +--------+--------+--------+--------+--------+-----+--------+
         Total |   2602 |   2549 |     53 |    621 |   1061 |   2 | 1301.0 |
       Dungeon |   2602 |   2549 |     53 |    621 |   1061 |   2 | 1301.0 |
               +--------+--------+--------+--------+--------+-----+--------+

Top non-repeatable levels by time:
     D:1: 1721 daAuts
     D:2: 880 daAuts
